 Dungeon Crawl Stone Soup version 0.27.1 (console) character file.

Game seed: 12698070787983297088

979 Banquo the Cutter (level 8, -3/58 HPs)
             Began as a Djinni Gladiator on Sept 2, 2021.
             Slain by an unseen horror (9 damage)
             ... on level 5 of the Dungeon.
             The game lasted 00:30:17 (7533 turns).

Banquo the Cutter (Djinni Gladiator)                Turns: 7533, Time: 00:30:17

Health: -3/58      AC:  5    Str: 13    XL:     8   Next: 40%
Gold:   18         EV: 12    Int: 11    God:
                   SH:  0    Dex: 16

rFire    + + .     SeeInvis .   a - +0 rapier
rCold    x . .     Faith    .   (no shield)
rNeg     + + .     Spirit   .   C - +1 leather armour {rN+}
rPois    ∞         Reflect  .   c - +0 helmet
rElec    .         Harm     .   (no cloak)
rCorr    .         Rampage  .   (no gloves)
Will     .....                  (boots unavailable)
Stlth    ++........             (no amulet)
HPRegen  0.19/turn              m - ring of positive energy
MPRegen  0.00/turn              (no ring)

@: flying, hasted, very quick
A: sickness immunity, fire resistance 2, cold vulnerability 1, float, innate
caster, hp casting, extra vitality 1
a: no special abilities


You were on level 5 of the Dungeon.
You visited 1 branch of the dungeon, and saw 5 of its levels.
You also visited: Sewer.

You collected 177 gold pieces.
You spent 159 gold pieces at shops.

Inventory:

Hand Weapons
 a - a +0 rapier (weapon)
 p - a +1 dagger of holy wrath
 v - a +3 short sword
 B - a +0 vorpal trident
Missiles
 d - 3 throwing nets (quivered)
 e - 143 stones
 l - 27 poisoned darts
 q - 3 boomerangs
 s - 2 curare-tipped darts
 G - 4 atropa-tipped darts
Armour
 b - a +0 leather armour
 c - a +0 helmet (worn)
 C - a +1 leather armour of positive energy (worn)
Magical Staves
 o - a staff of conjuration
Jewellery
 m - a ring of positive energy (left hand)
Wands
 n - a wand of paralysis (7)
Scrolls
 f - 5 scrolls of identify {unknown}
 h - 2 scrolls of summoning {unknown}
 i - 4 scrolls of teleportation {unknown}
 r - 2 scrolls of amnesia {unknown}
 t - a scroll of fear {unknown}
 u - a scroll of fog {unknown}
 w - 2 scrolls of noise {unknown}
 y - a scroll of acquirement {unknown}
 E - a scroll of brand weapon {unknown}
Potions
 g - a potion of degeneration {unknown}
 j - 2 potions of curing
 x - a potion of haste
 z - a potion of might {unknown}
 A - a potion of invisibility {unknown}
 D - a potion of flight {unknown}
 F - a potion of resistance {unknown}
 H - a potion of magic {unknown}


   Skills:
 * Level 3.8 Fighting
 * Level 6.0 Short Blades
 - Level 1.5 Throwing
 - Level 3.2 Dodging
 * Level 2.5 Stealth
 * Level 3.8 Spellcasting


You had 8 spell levels left.
You knew the following spells:

 Your Spells              Type           Power      Damage    Failure   Level
a - Apportation           Tloc           20%        N/A       6%          1
g - Summon Guardian Gole  Hex/Summ       10%        N/A       19%         3
z - Poisonous Vapours     Pois/Air       20%        N/A       10%         2
Your spell library was empty.

Dungeon Overview and Level Annotations

Branches:
Dungeon (5/15)              Sewer (visited)
 Temple: D:4-7

Altars:

Shops:
D:4 ?*((*   D:5 !

Annotations:
D:3 Ijyb


Innate Abilities, Weirdness & Mutations

You are immune to sickness and miasma.
You are immune to poison.
Your flesh is very heat resistant. (rF++)
You are vulnerable to cold. (rC-)
You float through the air rather than walking.
You learn spells naturally, not from books.
Your magical power is your life essence.
You have superior vitality. (+4 HP)


Message History

Something hits you.
* * * LOW HITPOINT WARNING * * *
Something hits you!
* * * LOW HITPOINT WARNING * * *
You barely miss something. Something hits you but does no damage.
You feel much better.
It was a potion of curing.
You feel better. Something hits you. Something hits you.
Something hits you but does no damage. Something hits you!
You closely miss something. Something hits you.
You swing at nothing.
Something hits you.
You hit something but do no damage. Something hits you.
* * * LOW HITPOINT WARNING * * *
Something hits you.
* * * LOW HITPOINT WARNING * * *
Something hits you.
* * * LOW HITPOINT WARNING * * *
Unknown command.
You closely miss something. Something hits you.
* * * LOW HITPOINT WARNING * * *
Something hits you!
* * * LOW HITPOINT WARNING * * *
Unknown command.
You feel much better. Something hits you.
It was a potion of haste.
You feel yourself speed up. Something hits you.
* * * LOW HITPOINT WARNING * * *
Casting: Poisonous Vapours (safe; 10% risk of failure)
Confirm with . or Enter, or press ? or * to list all spells.
You don't know that spell.
Casting: Poisonous Vapours (safe; 10% risk of failure)
Confirm with . or Enter, or press ? or * to list all spells.
Aiming: Poisonous Vapours (safe; 10% risk of failure)
Press: ? - help, Dir - move target Poisonous vapours surround something!
* * * LOW HITPOINT WARNING * * *
Something hits you!
* * * LOW HITPOINT WARNING * * *
Something hits you!
You die...

..###.# ....##.#.##.....#####
...#..## ..#......##......#..##
.......# ##.# #....#######......#
..#....###..###.....####.........
.##....##............##..........
#.#...........#.......#..........
.....#.#....###.............##...
##..##.#...####....<......####.<#
#..###.#...#....@.....##...###...
#...##.............#####.........
...................# #...#......
..................## ##.###.....
..........##......# #..######..
..........##......### ##...###...
....................####.........
.....................#.#....#....
..........................#####..


There were no monsters in sight!

Vanquished Creatures
  A necrophage (D:4)
  An ogre (D:5)
  A phantom (D:5)
  4 kobold brigands (Sewer)
  A howler monkey (D:4)
  A hound (D:4)
  A jelly (D:5)
  An orc priest (D:4)
  A bullfrog skeleton (D:5)
  2 iguanas
  5 orc wizards (D:4)
  4 adders
  A river rat (D:3)
  A white imp (D:4)
  2 dart slugs
  3 worms
  8 orcs
  5 ball pythons
  4 endoplasms
  2 giant cockroaches
  9 goblins
  3 hobgoblins
  3 jackals (D:5)
  4 quokkas
  6 bats
  5 frilled lizards
  16 kobolds
  11 rats
106 creatures vanquished.

Vanquished Creatures (others)
  2 fungi (D:2)
  12 plants
14 creatures vanquished.

Grand Total: 120 creatures vanquished

Notes
Turn   | Place    | Note
-------+----------+-------------------------------------------
     0 | D:1      | Banquo the Djinni Gladiator began the quest for the Orb.
     0 | D:1      | Reached XP level 1. HP: 18/18 MP: 0/0
   314 | D:1      | Reached skill level 3 in Short Blades
   314 | D:1      | Reached XP level 2. HP: 16/23 MP: 0/0
   497 | D:1      | Reached XP level 3. HP: 12/28 MP: 0/0
   497 | D:1      | Learned a level 1 spell: Apportation
  1348 | D:2      | Reached XP level 4. HP: 12/34 MP: 0/0
  1611 | D:2      | Reached skill level 1 in Stealth
  1790 | D:2      | Found a faded altar of an unknown god.
  2305 | D:3      | Reached skill level 4 in Short Blades
  2338 | D:3      | Found a glowing drain.
  2470 | Sewer    | Entered a sewer
  2489 | Sewer    | Noticed a kobold brigand
  2511 | Sewer    | Killed a kobold brigand
  2512 | Sewer    | Reached skill level 1 in Spellcasting
  2512 | Sewer    | Reached XP level 5. HP: 17/40 MP: 0/0
  2512 | Sewer    | Learned a level 2 spell: Poisonous Vapours
  2949 | Sewer    | Noticed a kobold brigand
  3030 | Sewer    | Killed a kobold brigand
  3031 | Sewer    | Reached XP level 6. HP: 28/46 MP: 0/0
  3635 | Sewer    | Reached skill level 5 in Short Blades
  3635 | Sewer    | Reached XP level 7. HP: 31/50 MP: 0/0
  3635 | Sewer    | Learned a level 3 spell: Summon Guardian Golem
  4150 | D:3      | Noticed Ijyb
  4491 | D:4      | Found Kafuf's Magic Scroll Shoppe.
  4572 | D:4      | Found Moesom Tiecs's Assorted Antiques.
  4684 | D:4      | Found Irchus's General Store.
  4755 | D:4      | Found Qucy's Weapon Shoppe.
  6085 | D:4      | Found Vompota's Weapon Boutique.
  6107 | D:4      | Reached XP level 8. HP: 38/56 MP: 0/0
  6307 | D:4      | Bought a scroll labelled NITTOT LANOEM for 24 gold pieces
  6307 | D:4      | Bought a scroll labelled XEMNAELAYNE for 24 gold pieces
  6307 | D:4      | Bought a scroll labelled COSAJAZEUJ for 24 gold pieces
  6307 | D:4      | Bought a scroll labelled COSAJAZEUJ for 24 gold pieces
  6307 | D:4      | Bought a blue potion for 21 gold pieces
  6328 | D:5      | Entered Level 5 of the Dungeon
  6361 | D:4      | Bought a fizzy silvery potion for 21 gold pieces
  6439 | D:4      | Bought a purple potion for 21 gold pieces
  6827 | D:5      | Found Bysicvi's Distillery.
  7116 | D:5      | Reached skill level 6 in Short Blades
  7519 | D:5      | HP: 1/58 [something (7)]
  7533 | D:5      | Slain by an unseen horror

Illustrated notes

Levels and vault maps discovered:
D:1:      ncdulo_watergridlock, layout_rooms
D:2:      layout_rooms, shapermc_ecumenical_altar_acropolis, serial_park_tiny_2
D:3:      layout_loops_ring, gup_sewer_entry_bowl, uniq_ijyb
D:4:      cheibrodos_old_hovel, layout_gridville, serial_shops,
          nicolae_shop_statue_plus, shop_fountains, kennysheep_mini_moat,
          nicolae_inconvenience_store, nicolae_shop_behind_doors,
          minmay_liquid_box
D:5:      layout_cave_pools, serial_shops, shop

Skill      XL: |  1  2  3  4  5  6  7  8 |
---------------+-------------------------+-----
Short Blades   | 3 4 5 6 |  6.0
Stealth        | 1 2 |  2.5
Spellcasting   | 1 3 |  3.8
Fighting       | 3 |  3.8
Throwing       | |  1.5
Dodging        | |  3.2

Action                   |  1- 3 |  4- 6 |  7- 9 || total
-------------------------+-------+-------+-------++-------
Melee: Rapier            |   119 |   118 |   147 ||   384
 Cast: Poisonous Vapours |       |    18 |    54 ||    72
Evoke: Wand              |       |       |     1 ||     1
  Use: Potion            |       |       |     8 ||     8
 Stab: Sleeping          |     2 |     1 |     1 ||     4
       Paralysed         |       |       |     1 ||     1
Armor: Leather armour    |    46 |    20 |    42 ||   108
Dodge: Dodged            |    91 |    68 |    61 ||   220
